AoeStats
← gerardCapo

Arabia

510344934Analyzed
1v1 RM · 3d ago on Sep 30, 2026· 82m 46s· 2 players
Game mode
Random Map
Map size
Tiny (2 player)
Population
200
Speed
Normal
Resources
Standard
Victory
Conquest
Starting age
Dark Age
Ending age
Imperial Age
RankedLock teamsTeams togetherTeam positionsShared explorationLock speedFull tech treeHidden civsTurbo modeCheats
Victory
Defeat
🇦🇷 Poles · Argentina
774
+13
🇪🇸 Sicilians · Spain
713
-13
gerardCapo
9:35 Feudal Age
10:06 Double-Bit Axe
10:43 Horse Collar
20:43 Forging
20:35 Scale Mail Armor
20:27 Fletching
30:37 Castle Age
29:58 Stone Mining
30:02 Gold Mining
32:00 Iron Casting
33:05 Chain Mail Armor
33:56 Bow Saw
37:12 Bodkin Arrow
37:46 Heavy Plow
39:29 Wheelbarrow
40:37 Squires
43:18 Imperial Age
41:53 Scale Barding Armor
44:00 Chain Barding Armor
43:24 Cranequins
47:28 Ballistics
46:41 Heavy Mounted Crossbowman
49:53 Plate Barding Armor
48:48 Elite Serjeant
50:55 Chemistry
51:16 Heavy Scorpion
53:10 Heated Shot
70:13 Bracer
71:15 Blast Furnace
70:46 Plate Mail Armor
75:41 Pikeman
Estacomoloquita
10:08 Feudal Age
9:25 Loom
10:40 Double-Bit Axe
15:44 Bloodlines
17:06 Wheelbarrow
18:03 Scale Barding Armor
18:10 Horse Collar
19:16 Forging
23:18 Castle Age
22:27 Town Watch
23:34 Stone Mining
24:45 Heavy Plow
24:57 Bow Saw
24:59 Gold Mining
25:32 Chain Barding Armor
28:00 Scale Mail Armor
32:00 Treadmill Crane
33:06 Chain Mail Armor
32:57 Town Patrol
33:53 Hand Cart
35:07 Ballistics
36:43 Husbandry
37:48 Fletching
39:41 Stone Shaft Mining
39:45 Szlachta Privileges
43:51 Redemption
43:11 Light Cavalry
46:28 Imperial Age
46:31 Elite Obuch
48:34 Crop Rotation
47:31 Winged Hussar
48:47 Lechitic Legacy
48:52 Conscription
49:54 Chemistry
50:16 Hoardings
50:04 Block Printing
49:16 Cavalier
52:08 Padded Archer Armor
52:04 Bodkin Arrow
52:23 Masonry
55:07 Elite Skirmisher
55:53 Thumb Ring
57:24 Bracer
57:40 Leather Archer Armor
58:17 Fervor
57:33 Onager
77:26 Plate Mail Armor
77:32 Iron Casting
Connection lost

Rejoining the realm…

Still unreachable

The connection could not be restored.

Session expired

The server has moved on; the page needs a fresh start.